Map: Abyssal Reef LE

Players

kingut - Winner!

  • Race: Zerg Zerg
  • Spawn Location: 5:00

MetallicaVN

  • Race: Terran Terran
  • League: Diamond
  • Spawn Location: 11:00

VOD

http://www.ggtracker.com/matches/7176512

Description

Time

  • Played on: Sept. 14, 2017, 2:28 p.m.
  • Length: 15:55
Show
View Real Time Build Order
Export as new Build Order

kingut Zerg - Winner!

Build Orders: Pool First 

Get SALT Encoding   

  12  0:01  Drone  
  13  0:15  Extractor  
  12  0:26  Spawning Pool  
  12  0:28  Drone  
  12  0:34  Drone  
  13  0:38  Drone  
  14  0:47  Extractor  
  14  0:48  Drone  
  15  0:56  Overlord  
  15  1:14  Queen  
  17  1:19  Metabolic Boost  
  17  1:23  Zergling x2  
  18  1:30  Drone x2  
  20  1:50  Overlord  
  20  2:05  Hatchery  
  19  2:08  Drone  
  20  2:18  Queen  
  22  2:35  Hatchery  
  21  2:42  Drone x2  
  23  2:59  Drone  
  23  3:00  Drone x5  
  29  3:07  Drone  
  30  3:13  Overlord  
  30  3:19  Drone  
  31  3:36  Drone x3  
  31  3:40  Queen  
  36  3:44  Drone  
  37  3:51  Drone x3  
  37  3:55  Drone  
  41  3:59  Drone x2  
  44  4:02  Drone  
  44  4:03  Drone x2  
  44  4:08  Drone x4  
  50  4:10  Overlord  
  50  4:15  Baneling Nest  
  49  4:17  Evolution Chamber  
  48  4:24  Drone  
  48  4:25  Drone  
  48  4:28  Overlord  
  50  4:33  Hatchery, Drone x2  
  51  4:38  Drone  
  51  4:39  Drone x3  
  55  4:46  Zerg Melee Weapons Level 1  
  55  4:50  Drone x5  
  55  4:51  Drone  
  61  5:03  Extractor  
  61  5:04  Extractor  
  59  5:10  Extractor  
  59  5:11  Overlord  
  59  5:12  Queen  
  60  5:14  Drone x2  
  60  5:15  Drone  
  60  5:17  Drone x3  
  60  5:20  Overlord  
  66  5:25  Overlord x2  
  66  5:32  Lair  
  66  5:47  Evolution Chamber, Drone  
  66  5:48  Drone x13  
  79  5:57  Zergling x2  
  79  5:58  Zergling x6  
  83  6:07  Zergling x18  
  92  6:18  Zerg Ground Armor Level 1  
  92  6:19  Baneling x2  
  92  6:23  Baneling x6  
  92  6:27  Overlord x2  
  92  6:31  Centrifical Hooks  
  92  6:34  Overseer  
  86  6:54  Drone  
  86  6:55  Drone x12  
  99  7:03  Extractor  
  99  7:05  Extractor  
  99  7:06  Extractor  
  99  7:07  Extractor  
  95  7:09  Overseer  
  95  7:11  Infestation Pit  
  94  7:17  Spire  
  94  7:20  Drone x3  
  94  7:21  Drone x3  
  99  7:23  Drone x3  
  99  7:28  Spore Crawler  
  101  7:31  Spine Crawler  
  100  7:40  Overlord x4  
  100  7:42  Zergling x2  
  100  7:43  Zergling x14  
  108  7:51  Zergling x6  
  109  7:55  Hive  
  111  8:07  Baneling  
  111  8:08  Baneling x15  
  111  8:13  Overlord x5  
  111  8:19  Zergling x16  
  122  8:20  Zergling x6  
  89  8:50  Zergling x4  
  89  8:51  Zergling x30  
  105  8:55  Zergling x2  
  105  8:57  Zergling x4  
  105  9:01  Zergling x2  
  106  9:12  Baneling  
  95  9:20  Baneling  
  95  9:21  Baneling x18  
  95  9:24  Baneling x16  
  91  9:25  Baneling x2  
  91  9:31  Zergling x2  
  91  9:32  Zergling x24, Ultralisk Cavern  
  91  9:33  Spine Crawler  
  102  9:41  Evolution Chamber  
  101  9:46  Evolution Chamber  
  101  9:47  Corruptor x4  
  101  9:48  Corruptor  
  110  9:57  Adrenal Glands  
  110  10:00  Zerg Flyer Weapons Level 1  
  110  10:06  Hatchery  
  83  10:33  Zergling x12  
  83  10:34  Zergling x20  
  91  10:42  Ultralisk  
  97  10:44  Chitinous Plating  
  97  10:46  Zerg Melee Weapons Level 2  
  97  10:47  Zerg Ground Armor Level 2  
  97  10:49  Ultralisk x3  
  115  10:53  Spine Crawler  
  115  10:54  Baneling  
  115  10:55  Baneling x13  
  114  11:11  Hatchery  
  114  11:14  Spore Crawler, Ultralisk  
  114  11:17  Hatchery  
  117  11:21  Extractor  
  117  11:22  Drone x2  
  117  11:23  Drone  
  117  11:24  Extractor, Drone  
  117  11:25  Drone x2  
  121  11:26  Queen  
  121  11:27  Drone  
  121  11:28  Drone x2  
  121  11:29  Drone  
  121  11:30  Drone x4  
  131  11:52  Extractor  
  130  11:58  Ultralisk x2  
  130  11:59  Ultralisk x2  
  154  12:02  Extractor  
  154  12:03  Extractor, Zerg Flyer Weapons Level 2  
  153  12:08  Drone x3  
  153  12:10  Drone x2  
  153  12:12  Drone  
  153  12:13  Drone  
  159  12:24  Viper  
  159  12:25  Drone x2  
  164  12:31  Drone x9  
  155  13:08  Ultralisk  
  155  13:09  Ultralisk x2  
  155  13:10  Ultralisk x2  
  167  13:26  Ultralisk x2  
  177  13:29  Drone  
  177  13:30  Drone x2  
  177  13:31  Drone  
  181  13:54  Spore Crawler  
  180  14:10  Corruptor x3  
  180  14:11  Corruptor  
  180  14:12  Overlord x3  
  188  14:24  Hatchery  
  187  14:26  Drone  
  187  14:30  Queen  
  190  14:34  Corruptor x3  
  190  14:35  Corruptor  
  190  14:38  Overseer  
  198  14:45  Corruptor  
  200  14:51  Pneumatized Carapace  
  195  15:23  Viper  
Show
View Real Time Build Order
Export as new Build Order

MetallicaVN Terran 

Build Orders: MMM Bio 

Get SALT Encoding   

  12  0:01  SCV  
  13  0:13  SCV  
  14  0:17  Supply Depot  
  14  0:25  SCV  
  15  0:39  SCV  
  15  0:40  Barracks  
  16  0:45  Refinery  
  16  0:51  SCV  
  17  1:03  SCV  
  18  1:15  SCV  
  19  1:27  Orbital Command  
  20  1:48  Barracks Reactor, Command Center  
  20  1:54  SCV  
  19  1:56  Supply Depot  
  19  2:06  SCV  
  20  2:09  Factory  
  20  2:18  SCV  
  21  2:26  Marine  
  21  2:27  Barracks  
  21  2:29  Marine  
  23  2:30  SCV  
  24  2:42  SCV  
  24  2:44  Marine  
  25  2:47  Marine  
  25  2:49  Bunker  
  27  2:52  Widow Mine  
  27  2:56  Refinery  
  29  3:01  Marine  
  29  3:05  Marine  
  31  3:07  Orbital Command  
  31  3:17  SCV  
  31  3:18  Barracks Tech Lab  
  32  3:29  Starport, SCV  
  32  3:33  Factory Tech Lab  
  33  3:36  SCV  
  34  3:44  Stimpack  
  34  3:47  Marine  
  34  3:48  Marine  
  36  3:57  Siege Tank  
  36  3:59  Orbital Command  
  39  4:11  Marine  
  40  4:25  Supply Depot  
  40  4:26  Supply Depot  
  40  4:29  Supply Depot  
  40  4:30  Marine, SCV  
  44  4:35  SCV  
  44  4:37  Marine  
  46  4:46  Marine, Starport Reactor  
  46  4:48  Siege Tank, Marine  
  46  4:50  SCV  
  50  4:55  Marine  
  50  4:59  SCV  
  52  5:02  SCV  
  52  5:04  Marine  
  54  5:07  Marine  
  54  5:12  SCV  
  54  5:13  Marine  
  57  5:14  Refinery  
  57  5:15  SCV  
  58  5:24  SCV  
  58  5:27  SCV  
  60  5:32  Command Center  
  60  5:33  Marine  
  60  5:34  Medivac x2  
  60  5:35  Siege Tank  
  68  5:36  SCV  
  68  5:40  SCV  
  70  5:47  Refinery  
  70  5:49  Barracks x2  
  70  5:50  Engineering Bay  
  70  6:06  Supply Depot  
  70  6:09  Combat Shields  
  70  6:27  Marine x3  
  70  6:28  Siege Tank, SCV x2  
  78  6:34  Medivac, Terran Infantry Weapons Level 1  
  78  6:38  Supply Depot  
  78  6:39  Marine  
  81  6:40  Marine, SCV x2  
  81  6:45  Marine x3  
  87  6:52  SCV x2  
  86  7:00  Siege Tank, Supply Depot, Orbital Command  
  88  7:03  Marine x2  
  88  7:04  SCV  
  88  7:07  SCV, Supply Depot  
  92  7:10  Medivac  
  92  7:12  Marine  
  92  7:14  Barracks Reactor  
  95  7:16  SCV  
  95  7:20  SCV  
  95  7:21  Marine  
  95  7:22  Marine  
  100  7:29  Marine  
  100  7:30  Supply Depot  
  100  7:32  Siege Tank  
  100  7:36  Barracks Tech Lab  
  103  7:37  Liberator  
  103  7:39  Marine x2  
  105  7:44  Supply Depot  
  105  7:47  Marine  
  106  7:52  Marine x2  
  106  7:56  Marine  
  106  7:57  Marine, Supply Depot  
  113  8:03  Marine, SCV  
  113  8:05  Marine, SCV  
  116  8:06  SCV  
  116  8:07  Supply Depot  
  116  8:10  Marine x2  
  120  8:14  Marine  
  120  8:15  Marine  
  122  8:21  Marine  
  122  8:23  Marine  
  122  8:24  Concussive Shells  
  124  8:28  Marine x2, Terran Infantry Armor Level 1  
  124  8:32  Marine  
  124  8:33  Marine  
  128  8:40  Marauder  
  127  8:48  Marine x2  
  101  8:49  Marine  
  101  8:50  Marine, Liberator x2  
  101  8:51  Marauder  
  101  8:52  Unknown x3  
  107  9:00  Marine  
  108  9:06  Marine x3  
  108  9:08  Marine  
  117  9:12  Marine  
  118  9:18  Marine  
  118  9:20  Siege Tank  
  118  9:24  Marine x2  
  122  9:27  Marine x2  
  122  9:30  SCV  
  127  9:33  Refinery x2, Liberator x2  
  127  9:37  Marine  
  128  9:39  Marine, Refinery  
  128  9:40  Command Center  
  128  9:42  Factory, Marine  
  128  9:43  Refinery  
  128  9:44  Marine  
  131  9:46  Marine x2  
  131  9:48  Command Center  
  139  9:53  SCV x2  
  139  9:55  Marine, SCV  
  143  10:00  Marine  
  143  10:05  SCV x2  
  146  10:07  SCV  
  146  10:11  Marine  
  146  10:17  SCV x2, Liberator x2  
  128  10:24  Marine  
  128  10:26  Marine x3  
  103  10:30  Marine x2  
  100  10:36  Unknown x2  
  100  10:38  Factory Tech Lab  
  100  10:39  SCV  
  100  10:40  Factory  
  100  10:41  SCV  
  100  10:42  Marine, SCV  
  101  10:43  Marine  
  101  10:44  Marine x2  
  101  10:47  Marine  
  101  10:48  Marine  
  106  10:54  Armory  
  106  10:57  Armory  
  106  11:00  Marine, Liberator  
  106  11:01  Marine x2  
  106  11:02  Marine, Planetary Fortress  
  110  11:05  Marine x2, SCV  
  110  11:07  SCV  
  114  11:15  SCV  
  114  11:16  Engineering Bay  
  114  11:18  Marine  
  119  11:19  Marine x3, SCV  
  119  11:23  Marine x2  
  125  11:26  Factory Tech Lab  
  125  11:32  Supply Depot  
  125  11:33  SCV  
  125  11:34  SCV, Supply Depot  
  125  11:35  Marine, SCV  
  125  11:37  Marine  
  130  11:41  Marine x2  
  130  11:44  Planetary Fortress  
  130  11:45  SCV  
  130  11:46  SCV, Thor  
  140  11:47  Thor  
  140  11:48  Marine x2, SCV  
  140  11:52  Barracks  
  140  11:53  Marine  
  150  11:55  Marine  
  150  11:57  Starport, SCV  
  150  11:58  Marine, SCV  
  150  12:00  Marine  
  155  12:01  SCV  
  155  12:07  Supply Depot  
  156  12:09  SCV  
  156  12:10  SCV  
  156  12:13  SCV  
  156  12:14  Marine x2  
  161  12:16  Marine x3  
  161  12:17  Thor  
  161  12:21  SCV, Terran Vehicle Weapons Level 1, Terran Vehicle And Ship Armor Level 1  
  161  12:22  Marine, SCV  
  173  12:29  Thor  
  179  12:32  Marine x2, SCV  
  179  12:33  SCV x2  
  179  12:34  Marine x3  
  187  12:40  Marine  
  187  12:43  Marine  
  186  12:45  Thor  
  186  12:49  Marine  
  186  12:50  Marine  
  194  12:52  Marine x3  
  194  12:58  Marine  
  182  13:00  Thor  
  182  13:01  Marine  
  170  13:07  Marine x2  
  170  13:10  Marine x3  
  137  13:14  Starport Reactor  
  137  13:15  Marine  
  137  13:16  Terran Infantry Weapons Level 2  
  137  13:19  Marine  
  132  13:20  Terran Infantry Armor Level 2  
  132  13:24  Thor  
  132  13:25  Marine x2  
  137  13:27  Marine  
  137  13:28  Marine x2, Refinery  
  137  13:33  Marine  
  141  13:35  Thor  
  141  13:37  Viking  
  141  13:39  Barracks Reactor  
  149  13:41  Medivac  
  149  13:43  Marine x2  
  149  13:45  Marine x3  
  156  13:50  Thor  
  156  13:51  Marine  
  163  14:01  Marine x2  
  165  14:03  Marine x3  
  165  14:06  Thor  
  165  14:07  Viking x2, Medivac  
  180  14:11  Viking  
  180  14:16  Marine x2  
  180  14:17  Marine  
  185  14:29  Thor  
  185  14:30  Marine x4  
  185  14:31  Marine  
  196  14:34  Marine x2  
  196  14:37  Medivac  
  200  14:49  Command Center x2  
  200  14:52  Command Center  
  200  14:55  Command Center  
  163  15:15  Marine x2  
  163  15:18  Marine  
  163  15:19  Marine  
  123  15:23  Marine  
  123  15:24  Marine x2  
  123  15:25  Viking x2  
  146  15:34  Marine  
  147  15:36  Marine x2  
  147  15:37  Marine  
Tags
 
Composition
MMM Bio
League
Diamond
Matchup
TvZ
Opening
Pool First
Spawn Locations
Cross Positions
Add a new tag
Caveats
  • Supply blocks, unpowered buildings, or Contaminate may cause inaccurate times.
  • Supply counts are checked every 10 seconds.